 Dungeon Crawl Stone Soup version 0.17.1-3-g152610e (webtiles) character file.

103900 Heskey the Warrior (level 15, 0/156 HPs)
             Began as a Minotaur Gladiator on Mar 26, 2016.
             Was a Priest of Makhleb.
             Slain by a merfolk impaler
             ... wielding a +7 trident of piercing
              (1 damage)
             ... on level 1 of the Shoals.
             The game lasted 01:12:48 (27510 turns).

Heskey the Warrior (Minotaur Gladiator)            Turns: 27510, Time: 01:12:48

Health: 0/156      AC: 35    Str: 26    XL:     15   Next: 90%
Magic:  14/14      EV: 10    Int:  5    God:    Makhleb [***...]
Gold:   2138       SH:  0    Dex: 14    Spells: 0 memorised, 14 levels left

rFire  . . .     SeeInvis .     a - +8 quarterstaff (elec)
rCold  . . .     Clarity  .     s - +3 plate armour
rNeg   . . .     SustAt   .     (shield currently unavailable)
rPois  .         Gourm    .     (helmet unavailable)
rElec  .         Spirit   .     R - +0 cloak
rCorr  +         Warding  .     l - +2 pair of gloves
rMut   .         Stasis   .     S - +0 pair of boots
MR     +....                    D - amulet of resist corrosion
Stlth  ..........               b - +3 ring of strength
                                k - +3 ring of protection

@: lethally poisoned (0 -> -1), very slightly contaminated, hasted, very quick,
somewhat resistant to hostile enchantments, extremely unstealthy
A: retaliatory headbutt, horns 3, iridescent scales 1
a: Minor Destruction, Lesser Servant of Makhleb, Renounce Religion


You were on level 1 of the Shoals.
You worshipped Makhleb.
Makhleb was most pleased with you.
You were not hungry.

You visited 3 branches of the dungeon, and saw 25 of its levels.

You collected 2457 gold pieces.
You spent 319 gold pieces at shops.

Inventory:

Hand Weapons
 a - a +8 quarterstaff of electrocution (weapon)
Missiles
 d - 4 throwing nets (quivered)
Armour
 c - a +0 hat
 l - a +2 pair of gloves (worn)
 s - a +3 plate armour (worn)
 R - a +0 cloak (worn)
 S - a +0 pair of boots (worn)
Jewellery
 b - a +3 ring of strength (right hand)
 k - a +3 ring of protection (left hand)
 t - an uncursed ring of protection from fire
 v - an uncursed amulet of guardian spirit
 D - an amulet of resist corrosion (around neck)
 L - an uncursed amulet of clarity
Wands
 p - a wand of lightning (6)
 q - a wand of slowing (16)
 x - a wand of cold (9)
 z - a wand of paralysis (8)
 B - a wand of cold (6)
 I - a wand of confusion (27)
 M - a wand of flame (22)
 O - a wand of frost (11)
 Q - a wand of lightning (0)
 T - a wand of teleportation (0)
 U - a wand of fireball (0)
 V - a wand of magic darts (0)
Scrolls
 f - 15 scrolls of identify
 g - 11 scrolls of remove curse
 i - 3 scrolls of recharging
 m - 11 scrolls of magic mapping
 n - 7 scrolls of teleportation
 r - 3 scrolls of blinking
 y - a scroll of silence
Potions
 e - a potion of mutation
 j - 4 potions of brilliance
 F - 2 potions of curing
 J - 2 potions of flight
 P - 2 potions of cancellation
 X - a potion of agility
Books
 w - a book of Flames

   Spells                             Type                      Level
   a - Flame Tongue                   Conjuration/Fire             1
   b - Throw Flame                    Conjuration/Fire             2
   c - Conjure Flame                  Conjuration/Fire             3
   d - Inner Flame                    Hexes/Fire                   3
   e - Sticky Flame                   Conjuration/Fire             4
   f - Fireball                       Conjuration/Fire             5
 G - a book of Burglary

   Spells                             Type                      Level
   a - Swiftness                      Charms/Air                   2
   b - Passwall                       Transmutation/Earth          3
   c - Passage of Golubria            Translocation                4
   d - Lee's Rapid Deconstruction     Earth                        5
   e - Darkness                       Hexes                        6
   f - Invisibility                   Hexes                        6
 K - a book of Party Tricks

   Spells                             Type                      Level
   a - Summon Butterflies             Summoning                    1
   b - Apportation                    Translocation                1
   c - Tukima's Dance                 Hexes                        3
   d - Alistair's Intoxication        Transmutation/Poison         4
   e - Invisibility                   Hexes                        6
Miscellaneous
 C - an ornate deck of changes
 E - a phantom mirror
 N - a lamp of fire
Comestibles
 h - 6 meat rations
 o - 16 bread rations
 u - 18 fruits
 A - 5 slices of pizza
 H - 26 royal jellies
 Y - 3 chunks of flesh


   Skills:
 + Level 20.3 Fighting
 + Level 17.8 Staves
 - Level 2.0 Throwing
 + Level 17.8 Armour
 - Level 3.2 Dodging
 + Level 0.1 Evocations


You had 14 spell levels left.
You didn't know any spells.

Dungeon Overview and Level Annotations

Branches:
Dungeon (15/15)              Lair (8/8) D:9          Shoals (2/4) Lair:3
 Spider (0/4) Lair:4        Slime (0/6) Lair:7          Orc (0/4) D:11
 Vaults (0/5) D:14         Depths (0/5) D:15
 Temple: D:4-7

Altars:
Ashenzari
Cheibriados
Dithmenos
Elyvilon
Fedhas
Gozag
Kikubaaqudgha
Makhleb
Nemelex Xobeh
Qazlal
Ru
Sif Muna
The Shining One
Jiyva

Shops:
D:6 %   D:7 %   D:12 !%   D:15 ?   Shoals:1 !

Annotations:
Lair:3 exclusion: oklob plant
Lair:4 exclusion: 4 oklob plants
Shoals:2 Polyphemus


Innate Abilities, Weirdness & Mutations

You reflexively headbutt those who attack you in melee.
You have a pair of large horns on your head.
You are partially covered in iridescent scales (AC +4).


Message History

The merfolk impaler hits you with a trident of piercing.
* * * LOW HITPOINT WARNING * * *
x2 The merfolk closely misses you.
You sock the merfolk impaler! You headbutt the merfolk impaler!
The merfolk impaler is moderately wounded.
You thump the merfolk impaler!
You headbutt the merfolk impaler, but do no damage.
The merfolk impaler is moderately wounded.
The merfolk impaler hits you with a trident of piercing.
* * * LOW HITPOINT WARNING * * *
x2 The merfolk hits you from afar with a trident of venom.
* * * LOW HITPOINT WARNING * * *
You are poisoned.
Your unstable footing causes you to fumble your attack.
You feel sick. The merfolk closely misses you.
The merfolk impaler hits you but does no damage.
Your unstable footing causes you to fumble your attack.
The merfolk impaler hits you from afar with a trident of piercing!
* * * LOW HITPOINT WARNING * * *
You die...

..###.≈≈≈≈≈...≈≈≈≈≈≈≈≈≈≈.
≈......≈≈≈≈....≈≈≈≈≈≈≈.≈≈.
≈.......≈≈..†...≈≈≈≈≈≈≈≈≈≈
≈....)..≈...>.>..≈≈≈≈≈≈≈≈≈
≈≈≈..≈≈........)....≈≈≈≈≈≈≈
≈≈≈.!......≈≈..#.....≈≈≈≈≈≈≈
≈≈≈.....≈≈≈†..........≈≈≈≈≈≈
≈≈≈≈≈≈..m.(≈..)##.##..≈≈≈≈≈≈
≈≈≈≈≈...mm≈@(.##..#....≈≈≈≈≈
≈≈≈≈..................≈≈≈≈≈≈
≈≈≈≈........≈≈......≈≈≈≈≈≈≈≈
≈≈≈≈≈≈≈≈...≈≈≈≈..≈≈≈≈.≈≈≈≈≈≈
≈≈≈≈≈≈≈≈≈≈..≈≈≈....≈≈≈≈≈≈≈≈≈≈
≈≈≈≈≈≈≈≈≈≈..≈≈.≈≈≈≈≈≈≈≈≈≈≈≈≈≈
≈≈≈≈≈≈≈≈≈≈≈≈≈≈≈≈≈≈≈≈≈≈≈≈≈≈≈≈≈≈
≈≈≈≈≈≈≈≈≈≈≈≈≈≈≈≈≈≈≈≈≈≈≈≈≈≈≈≈≈≈
≈≈≈≈≈≈≈≈≈≈≈≈≈≈≈≈≈≈≈≈..≈≈≈≈≈≈≈≈


You could see a merfolk impaler and 2 merfolk.

Vanquished Creatures
  A kraken (Shoals:1)
  Frances (D:13)
  Maud (Lair:5)
  A frost giant (D:15)
  Azrael (D:13)
  A merfolk javelineer (Shoals:1)
  4 vault guards (D:14)
  A merfolk impaler (Shoals:1)
  6 hydras
  3 centaur warriors
  Erica (D:8)
  A merfolk avatar (Shoals:1)
  7 death yaks
  A queen ant (D:8)
  Sonja (D:13)
  A fire crab (Lair:7)
  4 unseen horrors
  2 sea snakes (Shoals:1)
  A deep troll (shapeshifter) (D:13)
  A lindwurm (Lair:7)
  8 hill giants
  2 manticores
  3 harpies (Shoals:1)
  A necromancer (Lair:4)
  7 griffons
  9 ugly things
  4 black mambas
  An elephant (shapeshifter) (D:15)
  A siren (Shoals:1)
  5 cyclopes
  12 komodo dragons
  14 spiny frogs
  7 fire drakes
  2 gargoyles (D:10)
  The ghost of nublet the Cudgeler, an amateur OgBe of Trog (D:4)
  A yaktaur (D:15)
  9 merfolk (Shoals:1)
  A queen bee (D:12)
  2 raiju (Lair:8)
  8 polar bears (Lair:8)
  4 trolls
  3 two-headed ogres
  6 slime creatures
  A trapdoor spider zombie (D:13)
  8 blink frogs
  A boulder beetle (Lair:6)
  A hornet zombie (D:13)
  7 trapdoor spiders
  2 snapping turtles (Shoals:1)
  9 wyverns
  50 yaks
  A water elemental (Shoals:1)
  3 deep elf magi
  2 wraiths (D:11)
  5 vampire mosquitoes
  10 basilisks
  6 humans
  7 hungry ghosts
  3 fire elementals (D:13)
  25 wolves
  A hog (D:7)
  6 soldier ants
  18 hippogriffs
  A mottled dragon (D:9)
  6 hell hounds
  7 wargs (Lair:8)
  15 water moccasins
  12 porcupines
  4 sky beasts
  2 ice beasts
  An eye of draining (D:10)
  4 orc warriors
  7 ogres
  14 black bears
  23 centaurs
  4 phantoms
  2 big kobolds
  13 crocodiles
  20 giant frogs
  3 scorpions
  33 killer bees
  An electric eel (D:14)
  13 wights
  A giant frog zombie (D:13)
  A centaur zombie (D:10)
  5 jellies
  10 crimson imps
  4 quasits
  9 orc priests
  5 centaur skeletons
  3 giant frog skeletons
  23 hounds
  9 iguanas
  2 yak simulacra (Lair:4)
  13 orc wizards
  38 worker ants
  2 polar bear simulacra (Lair:4)
  22 sheep
  3 wolf simulacra (Lair:4)
  A worker ant zombie (D:10)
  10 adders
  86 river rats
  3 gnolls (D:4)
  4 shadow imps
  An ooze (D:4)
  An adder zombie (D:10)
  A worm (D:5)
  4 giant geckos
  31 orcs
  2 ball pythons
  9 bats
  5 giant cockroaches
  5 hobgoblins
  13 jackals
  11 kobolds
  3 quokkas
  5 giant newts
  9 goblins
  A quokka skeleton (D:8)
  4 rats
  4 river rat simulacra (Lair:4)
  7 plants
  4 tentacles (Shoals:1)
876 creatures vanquished.

Vanquished Creatures (others)
  An ice beast (D:14)
  A human (D:5)
  27 fungi
  18 plants
  25 tentacles (Shoals:1)
  1147 tentacle segments (Shoals:1)
1219 creatures vanquished.

Grand Total: 2095 creatures vanquished

Notes
Turn   | Place    | Note
--------------------------------------------------------------
     0 | D:1      | Heskey the Minotaur Gladiator began the quest for the Orb.
     0 | D:1      | Reached XP level 1. HP: 18/18 MP: 0/0
   161 | D:1      | Reached XP level 2. HP: 25/25 MP: 1/1
   320 | D:1      | Reached skill level 1 in Armour
   449 | D:1      | Reached skill level 4 in Staves
   803 | D:2      | Reached XP level 3. HP: 27/31 MP: 2/2
   915 | D:2      | Found a white marble altar of Elyvilon.
  1039 | D:3      | Found a snail-covered altar of Cheibriados.
  1271 | D:3      | Reached XP level 4. HP: 36/39 MP: 3/3
  1306 | D:3      | Found an opulent altar of Gozag.
  1612 | D:3      | Found a blossoming altar of Fedhas.
  1690 | D:4      | Noticed nublet's ghost (amateur OgBe)
  1966 | D:4      | Killed nublet's ghost
  1966 | D:4      | Reached skill level 5 in Staves
  1966 | D:4      | Reached XP level 5. HP: 17/47 MP: 4/4
  1966 | D:4      | Reached XP level 6. HP: 19/55 MP: 5/5
  2265 | D:4      | Reached skill level 5 in Fighting
  2274 | D:4      | Found a sparkling altar of Nemelex Xobeh.
  2403 | D:4      | Found a shadowy altar of Dithmenos.
  2543 | D:4      | Reached skill level 6 in Staves
  2896 | D:5      | Entered Level 5 of the Dungeon
  3100 | D:5      | Found a sacrificial altar of Ru.
  3110 | D:5      | Reached skill level 5 in Armour
  3121 | D:5      | Found a glowing golden altar of the Shining One.
  3127 | D:5      | Found a stormy altar of Qazlal.
  3286 | D:5      | You fall through a shaft for 2 floors!
  3300 | D:7      | Found Dinog's Food Shoppe.
  3329 | D:7      | Reached XP level 7. HP: 52/61 MP: 4/6
  3573 | D:5      | Found an ancient bone altar of Kikubaaqudgha.
  3577 | D:5      | Noticed a human
  3578 | D:5      | Killed a human
  3948 | D:6      | Noticed a human
  3948 | D:6      | Noticed a human
  3949 | D:6      | Noticed a human
  3952 | D:6      | Noticed a human
  3967 | D:6      | Killed a human
  3967 | D:6      | Reached skill level 7 in Staves
  3978 | D:6      | Killed a human
  3995 | D:6      | Killed a human
  3995 | D:6      | Reached XP level 8. HP: 65/71 MP: 7/7
  4008 | D:6      | Killed a human
  4027 | D:6      | Noticed a human
  4049 | D:6      | Killed a human
  4049 | D:6      | Reached skill level 8 in Staves
  4474 | D:6      | Found Aphik's Food Emporium.
  4849 | D:7      | Noticed a hog
  4849 | D:7      | Noticed a human
  4875 | D:7      | Killed a human
  4879 | D:7      | Killed a hog
  4886 | D:7      | Reached XP level 9. HP: 33/81 MP: 6/8
  4889 | D:7      | Reached skill level 9 in Staves
  5702 | D:8      | Noticed a queen ant
  5927 | D:8      | Gained mutation: You are partially covered in iridescent scales (AC +4). [potion of mutation]
  5927 | D:8      | Gained mutation: You have large cloven feet. [potion of mutation]
  5927 | D:8      | Gained mutation: You are agile. (Dex +2) [potion of mutation]
  5941 | D:8      | Killed a queen ant
  5941 | D:8      | Reached skill level 10 in Staves
  6354 | D:8      | Reached skill level 10 in Fighting
  6371 | D:8      | Reached skill level 10 in Armour
  6386 | D:8      | Reached XP level 10. HP: 80/93 MP: 9/9
  6738 | D:8      | Noticed Erica
  6832 | D:7      | Lost mutation: You are agile. (Dex +2) [potion of cure mutation]
  6832 | D:7      | Lost mutation: You have large cloven feet. [potion of cure mutation]
  6853 | D:8      | Killed Erica
  6853 | D:8      | Reached skill level 11 in Staves
  7101 | D:9      | Found a shattered altar of Ashenzari.
  7497 | D:9      | Found a shattered altar of Ashenzari.
  8074 | D:9      | Reached XP level 11. HP: 80/104 MP: 8/10
  8114 | D:9      | Found a staircase to the Lair.
  8155 | Lair:1   | Entered Level 1 of the Lair of Beasts
  8209 | D:10     | Entered Level 10 of the Dungeon
  8268 | D:10     | Reached skill level 12 in Staves
  8670 | D:10     | Noticed a hill giant
  8706 | D:10     | Killed a hill giant
  9036 | D:10     | Found a burning altar of Makhleb.
  9811 | D:10     | Reached skill level 13 in Armour
 10944 | D:11     | Reached XP level 12. HP: 104/115 MP: 9/11
 11006 | D:11     | Found a staircase to the Orcish Mines.
 11447 | D:11     | Noticed a hill giant
 11457 | D:11     | Killed a hill giant
 11488 | D:11     | Found a deep blue altar of Sif Muna.
 11784 | D:12     | Noticed a six-headed hydra
 12034 | D:12     | Found Raisogga's Distillery.
 12042 | D:12     | Bought a potion of curing for 42 gold pieces
 12042 | D:12     | Bought a potion of heal wounds for 70 gold pieces
 12042 | D:12     | Bought a potion of curing for 42 gold pieces
 12156 | D:12     | Killed a six-headed hydra
 12170 | D:12     | Reached skill level 14 in Armour
 12656 | D:12     | Found Gede's Food Shoppe.
 13450 | D:13     | Noticed Sonja
 13512 | D:13     | Noticed Azrael
 13658 | D:12     | Gained mutation: You have a pair of large horns on your head. [potion of beneficial mutation]
 13722 | D:13     | Killed Azrael
 14382 | D:13     | Noticed a centaur warrior
 14391 | D:13     | Killed a centaur warrior
 14391 | D:13     | Reached XP level 13. HP: 112/125 MP: 12/12
 14460 | D:13     | Reached skill level 15 in Fighting
 14593 | D:13     | Noticed Frances
 14611 | D:13     | Killed Frances
 14611 | D:13     | Reached skill level 15 in Armour
 14615 | D:13     | Killed Sonja
 15233 | D:14     | Got a brightly glowing buckler
 15397 | D:11     | Reached skill level 15 in Staves
 16986 | Lair:3   | Found a staircase to the Shoals.
 17348 | Lair:3   | Reached skill level 16 in Fighting
 18287 | Lair:4   | Found a hole to the Spider Nest.
 18716 | Lair:5   | Noticed Maud
 18744 | Lair:5   | Killed Maud
 19030 | Lair:5   | Reached XP level 14. HP: 138/138 MP: 13/13
 19075 | Lair:5   | Reached skill level 17 in Fighting
 21352 | Lair:7   | Found a staircase to the Slime Pits.
 21352 | Lair:7   | Found a viscous altar of Jiyva.
 21569 | Lair:7   | Reached skill level 18 in Fighting
 22524 | Lair:8   | Entered Level 8 of the Lair of Beasts
 23758 | Lair:8   | Reached XP level 15. HP: 127/151 MP: 14/14
 23985 | Lair:8   | Reached skill level 19 in Fighting
 24429 | D:10     | Became a worshipper of Makhleb the Destroyer
 24883 | D:14     | Found a gate to the Vaults.
 24921 | D:14     | Reached * piety under Makhleb
 25310 | D:15     | Entered Level 15 of the Dungeon
 25387 | D:15     | Found Goaxu's Magic Scroll Shop.
 25399 | D:15     | Bought a scroll of enchant weapon for 105 gold pieces
 25400 | D:15     | Identified a scroll of acquirement
 25520 | D:15     | Reached ** piety under Makhleb
 25919 | D:15     | Found a staircase to the Depths.
 26269 | Shoals:1 | Entered Level 1 of the Shoals
 26409 | Shoals:1 | Reached skill level 20 in Fighting
 26454 | Shoals:1 | Noticed a kraken
 26780 | Shoals:1 | Killed a kraken
 26896 | Shoals:1 | Reached *** piety under Makhleb
 26903 | Shoals:1 | Found Cylar's Distillery.
 26918 | Shoals:1 | Bought a potion of agility for 60 gold pieces
 27476 | Shoals:2 | Noticed Polyphemus
 27510 | Shoals:1 | HP: 1/156 [merfolk impaler/trident of piercing (13)]
 27510 | Shoals:1 | Slain by a merfolk impaler

Action                   |  1- 3 |  4- 6 |  7- 9 | 10-12 | 13-15 || total
-------------------------+-------+-------+-------+-------+-------++-------
Melee: Quarterstaff      |    73 |   103 |   313 |   984 |  1537 ||  3010
Evoke: Wand              |       |       |       |     8 |    14 ||    22
  Use: Potion            |       |     4 |     5 |     7 |    13 ||    29
       Scroll            |       |       |    10 |    17 |    13 ||    40
 Stab: Invisible         |       |       |       |     2 |     4 ||     6
  Eat: Chunk             |     1 |     2 |     7 |    21 |    28 ||    59
       Bread ration      |       |     1 |     1 |       |     2 ||     4
       Fruit             |       |       |     1 |     1 |     1 ||     3
       Pizza             |       |       |     1 |       |     2 ||     3
       Beef jerky        |       |       |       |     3 |     3 ||     6
       Meat ration       |       |       |       |     1 |       ||     1
